 Dungeon Crawl Stone Soup version 0.31-a0-408-gb642c7f9a3 (webtiles) character file.

Game seed: 16760888611245552612

9692 lessens the Cleaver (level 11, -10/69 (86) HPs)
             Began as a Demonspawn Fighter on July 29, 2023.
             Was an Elder of Okawaru.
             Killed from afar by Nergalle (26 damage)
             ... with a bolt of negative energy
             ... on level 10 of the Dungeon.
             The game lasted 00:16:35 (12874 turns).

lessens the Cleaver (Demonspawn Fighter)           Turns: 12874, Time: 00:16:36

HP:   -10/69 (86)   AC: 11    Str: 21    XL:     11   Next: 26%
MP:   14/14         EV: 12    Int: 11    God:    Okawaru [****..]
Gold: 378           SH: 10    Dex: 13    Spells: 10/10 levels left

rFire   . . .        N - +2 hand axe (venom)
rCold   . . .        C - +0 kite shield
rNeg    . . .        E - +0 steam dragon scales
rPois   .            (helmet restricted)
rElec   .            H - +0 cloak
rCorr   .            v - +1 pair of gloves
SInv    .            O - +0 pair of boots
Will    .....        (no amulet)
Stlth   +++          e - ring of flight
HPRegen 0.31/turn    (no ring)
MPRegen 0.14/turn

%: no passive effects
@: lethally poisoned (-10 -> -22), heroic, flying, heavily drained
A: antennae 2, (demonic guardian 2), powered by pain 1, big brain 1
a: Renounce Religion, Heroism, Finesse


You were on level 10 of the Dungeon.
You worshipped Okawaru.
Okawaru was greatly pleased with you.
You visited 2 branches of the dungeon, and saw 11 of its levels.
You also visited: Sewer.

You collected 623 gold pieces.
You spent 245 gold pieces at shops.

Inventory:

Hand Weapons
 a - a +0 war axe
 N - a +2 hand axe of venom (weapon)
Missiles
 h - 39 poisoned darts (quivered)
 j - 83 stones
 B - a throwing net
 D - 11 datura-tipped darts
 I - 8 silver javelins
 K - 7 boomerangs
 R - a curare-tipped dart
Armour
 b - a +0 scale mail
 c - a +0 buckler
 v - a +1 pair of gloves (worn)
 C - a +0 kite shield (worn)
 E - +0 steam dragon scales (worn)
 H - a +0 cloak (worn)
 J - a +2 leather armour of fire resistance
 O - a +0 pair of boots (worn)
Jewellery
 e - a ring of flight (left hand)
 l - a ring of ice
 F - a ring of magical power
Wands
 n - a wand of flame (21)
 q - a wand of polymorph (16)
 G - a wand of quicksilver (12)
 Q - a wand of iceblast (2)
Scrolls
 f - 3 scrolls of amnesia
 k - 2 scrolls of revelation
 o - 3 scrolls of teleportation
 r - 3 scrolls of identify
 s - 3 scrolls of vulnerability
 t - 2 scrolls of enchant armour
 w - a scroll of immolation {unknown}
 x - 3 scrolls of fear
 y - a scroll of brand weapon {unknown}
 z - a scroll of torment {unknown}
 L - a scroll of blinking
Potions
 d - 3 potions of might
 g - a potion of haste
 i - 2 potions of heal wounds
 m - 2 potions of curing
 p - a potion of attraction
 u - 7 potions of enlightenment
 A - a potion of brilliance {unknown}
 M - a potion of invisibility {unknown}
 P - 2 potions of mutation {unknown}


   Skills:
 + Level 7.8(12.8) Fighting
 * Level 14.4(19.4) Axes
 - Level 2.6(7.6) Armour
 - Level 2.6(7.6) Shields
 - Level 5.0 Invocations


You had 10 spell levels left.
You didn't know any spells.
Your spell library contained the following spells:

 Spells                   Type           Power      Damage    Failure   Level
 Foxfire                  Conj/Fire      0%         2x1d4     56%         1
 Kiss of Death            Conj/Necr      0%         2d5       56%         1
 Poisonous Vapours        Pois/Air       0%         N/A       71%         2
 Wereblood                Tmut           0%         N/A       71%         2
 Confusing Touch          Hex            0%         N/A       91%         3
 Mephitic Cloud           Conj/Pois/Air  0%         N/A       91%         3
 Ozocubu's Armour         Ice            0%         N/A       91%         3
 Dispel Undead            Necr           0%         3d6       100%        4
 Freezing Cloud           Conj/Ice/Air   0%         6-21      100%        5
 Irradiate                Conj/Tmut      0%         3d11      100%        5
 Plasma Beam              Fire/Air       0%         2x1d10    100%        6
 Starburst                Conj/Fire      0%         6d3       100%        6
 Ozocubu's Refrigeration  Ice            0%         4d7       100%        7


Dungeon Overview and Level Annotations

Branches:
Dungeon (10/15) Zot: 26394  Temple (1/1) D:5 Zot: 5989   Sewer (visited)
   Lair: D:8-11         Orc: D:9-12

Altars:
Ashenzari
Cheibriados
Dithmenos
Fedhas
Gozag
Hepliaklqana
Kikubaaqudgha
Makhleb
Nemelex Xobeh
Okawaru
Qazlal
Ru
Sif Muna
Trog
Uskayaw
Vehumet
Wu Jian
Xom
Yredelemnul

Shops:
D:8 =   D:9 ?

Annotations:
D:10 Nergalle


Innate Abilities, Weirdness & Mutations

You have a pair of antennae on your head.
((A demonic guardian rushes to your aid.))
You sometimes gain a little power by taking damage.
You have an unusually large brain. (Int +2)


Message History

Nergalle hits you with a +1 dagger of venom.
You are poisoned.
You hit Nergalle but do no damage.
Nergalle is poisoned.
Nergalle is heavily wounded.
You feel very sick. Nergalle casts a spell at you.
The bolt of negative energy hits you!!
You feel drained.
You hit Nergalle but do no damage.
Nergalle looks even sicker.
Nergalle is heavily wounded.
You feel sick.
Nergalle hits you with a +1 dagger of venom.
You hit Nergalle.
Nergalle looks as sick as possible!
Nergalle is heavily wounded.
You feel sick. Nergalle hits you but does no damage.
You hit Nergalle but do no damage.
Nergalle looks as sick as possible!
Nergalle is heavily wounded.
You feel sick.
You closely miss Nergalle.
Nergalle is heavily wounded.
You feel sick.
Nergalle hits you with a +1 dagger of venom.
You are more poisoned.
You closely miss Nergalle.
Nergalle is severely wounded.
You feel sick.
Nergalle hits you with a +1 dagger of venom.
You are more poisoned.
You slash Nergalle!
Nergalle looks as sick as possible!
Nergalle is almost dead.
You feel very sick.
You closely miss Nergalle.
Nergalle is almost dead.
You feel very sick. You block Nergalle's attack.
You barely miss Nergalle.
Nergalle is almost dead.
You feel sick. Nergalle casts a spell at you.
The bolt of negative energy hits you!!
You feel drained.
You die...

#...#...))#.######..
#..o#.....#.# .
.##+##...#....)#.#
.........#.....#.#
......l..#...[.'.#
.........#######.#
.................#
..........o......#
..........@.....<#
##........<......#
#..................
#..................
####################


You could see Nergalle (extremely poisoned) and a wyvern.

Vanquished Creatures
  2 two-headed ogres
  Pikel (D:4)
  Joseph (D:9)
  Maurice (D:9)
  Psyche (D:8)
  A rime drake (D:7)
  A troll (D:9)
  2 wyverns (D:8)
  21 yaks
  An acid dragon (D:9)
  2 water moccasins
  Duvessa (D:7)
  3 orc warriors (D:9)
  2 black bears
  2 ice beasts
  4 ogres
  4 centaurs
  A kobold brigand (D:10)
  5 bullfrogs
  A scorpion (D:7)
  Dowan (D:7)
  3 crimson imps (D:7)
  3 hounds
  A jelly (D:5)
  5 orc priests
  A gnoll bouda (D:5)
  2 sleepcaps
  3 iguanas
  3 orc wizards
  Robin (D:2)
  9 gnolls (D:5)
  21 adders
  5 river rats (Sewer)
  2 white imps
  3 ufetubi
  4 worms
  3 dart slugs
  17 orcs
  5 endoplasms
  5 giant cockroaches
  9 goblins
  8 hobgoblins
  8 jackals
  5 quokkas
  8 ball pythons
  17 bats
  5 frilled lizards
  15 kobolds
  8 rats
237 creatures vanquished.

Vanquished Creatures (collateral kills)
  A hound (D:5)
  A gnoll (D:5)
2 creatures vanquished.

Grand Total: 239 creatures vanquished

Notes
Turn   | Place    | Note
-------+----------+-------------------------------------------
     0 | D:1      | lessens the Demonspawn Fighter began the quest for the Orb.
     0 | D:1      | Reached XP level 1. HP: 18/18 MP: 1/1
    74 | D:1      | Reached skill level 2 in Axes
   272 | D:1      | Gained mutation: You have a pair of small antennae on your
                  | head. [demonic ancestry]
   272 | D:1      | Reached XP level 2. HP: 24/24 MP: 2/2
   628 | D:2      | Reached skill level 3 in Axes
   695 | D:2      | Gained mutation: You sometimes gain a little power by
                  | taking damage. [demonic ancestry]
   695 | D:2      | Reached XP level 3. HP: 22/29 MP: 3/3
   871 | D:2      | Noticed Robin
   892 | D:2      | Killed Robin
   893 | D:2      | Reached skill level 4 in Axes
   893 | D:2      | Reached XP level 4. HP: 18/35 MP: 4/4
  1475 | D:3      | Found a hazy altar of Hepliaklqana.
  1790 | D:3      | Reached XP level 5. HP: 38/41 MP: 5/5
  2237 | D:4      | Noticed an ogre
  2246 | D:4      | Killed an ogre
  2247 | D:4      | Reached skill level 5 in Axes
  2439 | D:4      | Noticed a black bear
  2453 | D:4      | Gained mutation: A weak demonic guardian rushes to your
                  | aid. [demonic ancestry]
  2453 | D:4      | Reached XP level 6. HP: 38/47 MP: 6/6
  2464 | D:4      | Reached skill level 6 in Axes
  2591 | D:4      | Found a glowing drain.
  2596 | Sewer    | Entered a sewer
  3277 | Sewer    | Reached skill level 7 in Axes
  3279 | Sewer    | Reached XP level 7. HP: 48/52 MP: 7/7
  3737 | D:4      | Identified the +6 short sword of Solie {heavy, Int+2}
  4873 | D:4      | Noticed Pikel
  4906 | D:4      | Killed Pikel
  4907 | D:4      | Reached skill level 9 in Axes
  4907 | D:4      | Reached XP level 8. HP: 11/58 MP: 8/8
  5106 | D:5      | Entered Level 5 of the Dungeon
  5991 | D:5      | Reached skill level 10 in Axes
  6231 | D:5      | Found a staircase to the Ecumenical Temple.
  6244 | Temple   | Entered the Ecumenical Temple
  6249 | Temple   | Became a worshipper of Warmaster Okawaru
  6545 | D:6      | Reached skill level 1 in Invocations
  7307 | D:7      | Found a shadowy altar of Dithmenos.
  7326 | D:7      | Reached * piety under Okawaru
  7327 | D:7      | Gained mutation: You have an unusually large brain. (Int
                  | +2) [demonic ancestry]
  7327 | D:7      | Reached XP level 9. HP: 32/63 MP: 11/11
  7779 | D:7      | Noticed Maggie
  7780 | D:7      | Maggie changed into Maggie the rime drake
  7780 | D:7      | Noticed Maggie
  7785 | D:7      | Killed Maggie the rime drake
  7786 | D:7      | Reached skill level 11 in Axes
  8054 | D:7      | Noticed Duvessa
  8058 | D:7      | Noticed Dowan
  8070 | D:7      | Killed Duvessa
  8079 | D:7      | Killed Dowan
  8080 | D:7      | Reached skill level 5 in Invocations
  8312 | D:7      | Reached ** piety under Okawaru
  8325 | D:7      | Reached skill level 12 in Axes
  8646 | D:7      | Found a shimmering altar of Xom.
  8657 | D:7      | Gained mutation: A demonic guardian rushes to your aid.
                  | [demonic ancestry]
  8657 | D:7      | Reached XP level 10. HP: 68/73 MP: 13/13
  8987 | D:8      | Reached *** piety under Okawaru
  9037 | D:8      | Noticed Psyche
  9054 | D:8      | Killed Psyche
  9055 | D:8      | Reached skill level 5 in Fighting
  9286 | D:8      | Reached skill level 13 in Axes
  9445 | D:8      | Found Hoahac's Jewellery Shop.
  9748 | D:8      | Reached **** piety under Okawaru
 10707 | D:9      | Noticed Maurice
 10729 | D:9      | Killed Maurice
 10889 | D:9      | Found Zequg's Magic Scroll Boutique.
 10904 | D:9      | Bought a scroll of fear for 56 gold pieces
 10904 | D:9      | Bought a scroll of blinking for 105 gold pieces
 10904 | D:9      | Bought a scroll of identify for 28 gold pieces
 10904 | D:9      | Bought a scroll of vulnerability for 56 gold pieces
 11349 | D:9      | Received a gift from Okawaru
 11663 | D:9      | Noticed a two-headed ogre
 11681 | D:9      | Killed a two-headed ogre
 11682 | D:9      | Gained mutation: You have a pair of antennae on your head.
                  | [demonic ancestry]
 11682 | D:9      | Reached XP level 11. HP: 28/84 MP: 14/14
 11689 | D:9      | Reached skill level 14 in Axes
 11689 | D:9      | Reached ***** piety under Okawaru
 12085 | D:9      | Noticed Joseph
 12102 | D:9      | Killed Joseph
 12258 | D:10     | Entered Level 10 of the Dungeon
 12358 | D:10     | Noticed a two-headed ogre
 12363 | D:10     | Noticed Nergalle
 12367 | D:10     | Killed a two-headed ogre
 12367 | D:10     | Identified the quicksilver dragon scales "Farym" {Will+
                  | rCorr Int+3 Slay-3} (Okawaru gifted it to you on level 10
                  | of the Dungeon)
 12367 | D:10     | Received a gift from Okawaru
 12635 | D:10     | Noticed a spectral orc warlord
 12874 | D:10     | Killed from afar by Nergalle

Illustrated notes

Levels and vault maps discovered:
D:1:      reono_arrival_mine, layout_rooms
D:2:      layout_loops_ring, minivault_24, uniq_robin
D:3:      minmay_skewed_foursquare, layout_rooms,
          nicolae_hepliaklqana_hazy_memory, kennysheep_generic_room_8
D:4:      layout_basic, portal_sewer_entry_e, hangedman_glass_teeth,
          serial_park_tiny_1, uniq_pikel
D:5:      layout_basic, minmay_temple_entry_offerings, kennysheep_minor_cross
D:6:      layout_cave_pools
D:7:      layout_loops_corners, led_xom_imps, overflow_temple_1_default,
          uniq_maggie, uniq_duvessa
D:8:      layout_basic, serial_shops, shop, nicolae_underground_beach,
          uniq_psyche
D:9:      layout_long_grid, serial_shops, shop, minmay_orc_keep, uniq_maurice,
          uniq_joseph
D:10:     layout_irregular_city, minivault_1, uniq_nergalle
Temple:   compressed_dpeg_triangle_lava_temple

Skill      XL: |  1  2  3  4  5  6  7  8  9 10 11 |
---------------+----------------------------------+-----
Axes           | 2 3 4 5 7 9 10 12 13 14 | 14.4
Invocations    | 3 5 |  5.0
Fighting       | 4 7 |  7.8
Armour         | |  2.6
Shields        | |  2.6

Action                     |  1- 3 |  4- 6 |  7- 9 | 10-12 || total
---------------------------+-------+-------+-------+-------++-------
  Melee: War axe           |    99 |   209 |   391 |   162 ||   861
         Unarmed           |       |       |     6 |       ||     6
         Hand axe          |       |       |       |   105 ||   105
  Throw: Dart              |       |     5 |    14 |       ||    19
 Invoke: Heroism           |       |       |     3 |     6 ||     9
  Evoke: Wand              |       |       |     1 |     5 ||     6
    Use: Potion            |       |     1 |       |     2 ||     3
         Scroll            |       |       |     4 |     5 ||     9
 Armour: Scale mail        |    56 |   135 |    99 |       ||   290
         Steam dragon scal |       |       |    17 |    47 ||    64
  Dodge: Dodged            |    50 |   141 |   177 |    86 ||   454
  Block: Buckler           |    29 |    59 |    49 |       ||   137
         Kite shield       |       |       |    55 |    97 ||   152

Table legend: (Time is in decaauts)
 A = Elapsed time spent in this place.
 B = Non-inter-level travel time spent in this place.
 C = Inter-level travel time spent in this place.
 D = Time resting spent in this place.
 E = Time spent auto-exploring this place.
 F = Levels seen in this place.
 G = Mean time per level.
                   A        B        C        D        E       F      G
               +--------+--------+--------+--------+--------+-----+--------+
         Total |  12950 |  12532 |    418 |   1975 |   7973 |  12 | 1079.2 |
       Dungeon |  12096 |  11683 |    413 |   1841 |   7494 |  10 | 1209.6 |
        Temple |     10 |      5 |      5 |      0 |      0 |   1 |   10.0 |
         Sewer |    843 |    843 |      0 |    134 |    479 |   1 |  843.0 |
               +--------+--------+--------+--------+--------+-----+--------+

Top non-repeatable levels by time:
     D:8: 2041 daAuts
     D:4: 1998 daAuts
     D:7: 1666 daAuts
     D:9: 1443 daAuts
     D:5: 1411 daAuts
     D:2: 927 daAuts
     D:3: 846 daAuts
   Sewer: 843 daAuts
     D:6: 766 daAuts
     D:1: 595 daAuts
    D:10: 400 daAuts
  Temple: 10 daAuts

Levels and vault maps discovered:
D:1:      reono_arrival_mine, layout_rooms
D:2:      layout_loops_ring, minivault_24, uniq_robin
D:3:      minmay_skewed_foursquare, layout_rooms,
          nicolae_hepliaklqana_hazy_memory, kennysheep_generic_room_8
D:4:      layout_basic, portal_sewer_entry_e, hangedman_glass_teeth,
          serial_park_tiny_1, uniq_pikel
D:5:      layout_basic, minmay_temple_entry_offerings, kennysheep_minor_cross
D:6:      layout_cave_pools
D:7:      layout_loops_corners, led_xom_imps, overflow_temple_1_default,
          uniq_maggie, uniq_duvessa
D:8:      layout_basic, serial_shops, shop, nicolae_underground_beach,
          uniq_psyche
D:9:      layout_long_grid, serial_shops, shop, minmay_orc_keep, uniq_maurice,
          uniq_joseph
D:10:     layout_irregular_city, minivault_1, uniq_nergalle
Temple:   compressed_dpeg_triangle_lava_temple
